 Dungeon Crawl Stone Soup version 0.29.1-2-gbd0b4ee654 (webtiles) character file.

Game seed: 17298551141538014552

301 gregunderscorem the Shield-Bearer (level 6, -4/38 HPs)
             Began as an Octopode Transmuter on Nov 14, 2022.
             Was a Believer of the Shining One.
             Slain by a gnoll bouda
             ... wielding a +0 whip
              (5 damage)
             ... on level 4 of the Dungeon.
             The game lasted 00:11:07 (2735 turns).

gregunderscorem the Shield-Bearer (OpTm)            Turns: 2735, Time: 00:11:07

Health: -4/38      AC:  1    Str:  9    XL:     6   Next: 37%
Magic:  4/9        EV: 13    Int: 19    God:    the Shining One [**....]
Gold:   136        SH: 11    Dex: 14    Spells: 4/9 levels left

rFire   . . .      SeeInvis .     - Unarmed
rCold   + . .      Faith    .   b - +0 buckler of Adonaur {Rampage rC+ Int+3 Stlth+}
rNeg    + . .      Spirit   .   (helmet currently unavailable)
rPois   .          Reflect  .   (no amulet)
rElec   .          Harm     .   (no ring)
rCorr   .          Rampage  +   (no ring)
Will    .....                   (no ring)
Stlth   ++........              (no ring)
HPRegen 0.12/turn               (no ring)
MPRegen 0.11/turn               (no ring)
                                (no ring)
                                (no ring)

@: divinely shielded, appendages, glowing
A: tentacle spike 3, almost no armour, amphibious, 8 rings, camouflage 1,
gelatinous body 1, (nimble swimmer 1), tentacles
a: End Transformation, Renounce Religion, Divine Shield


You were on level 4 of the Dungeon.
You worshipped the Shining One.
The Shining One was pleased with you.
One of your tentacles had grown a beastly spike.
You visited 1 branch of the dungeon, and saw 4 of its levels.

You collected 136 gold pieces.

Inventory:

Missiles
 h - 4 silver boomerangs
Armour
 b - the +0 buckler of Adonaur (worn) {Rampage rC+ Int+3 Stlth+}
   (You acquired it on level 2 of the Dungeon)

   Int:       It affects your intelligence (+3).
   rC:        It protects you from cold.
   Rampage:   It bestows one free step when moving towards enemies.
   Stlth:     It makes you more stealthy.
Wands
 d - a wand of iceblast (9)
Scrolls
 e - 3 scrolls of identify
 f - 2 scrolls of blinking
Potions
 a - a potion of lignification
 g - a potion of cancellation {unknown}


   Skills:
 - Level 1.5 Fighting
 - Level 2.4 Dodging
 - Level 1.0 Stealth
 + Level 3.8 Shields
 - Level 3.3 Unarmed Combat
 - Level 2.3 Spellcasting
 - Level 2.4 Transmutations
 - Level 3.7 Poison Magic


You had 4 spell levels left.
You knew the following spells:

 Your Spells              Type           Power      Damage    Failure   Level
a - Beastly Appendage     Tmut           22%        N/A       8%          1
b - Sting                 Tmut/Pois      52%        1d5       6%          1
c - Spider Form           Tmut/Pois      13%        N/A       19%         3

Your spell library contained the following spells:

 Spells                   Type           Power      Damage    Failure   Level
 Wereblood                Tmut           11%        N/A       12%         2
 Poisonous Vapours        Pois/Air       18%        N/A       14%         2
 Freeze                   Ice            8%         1d3       21%         1
 Shock                    Conj/Air       8%         1d3       21%         1
 Olgreb's Toxic Radiance  Pois           16%        N/A       41%         4
 Confusing Touch          Hex            2%         N/A       52%         3
 Frozen Ramparts          Ice            4%         1d1       52%         3
 Swiftness                Air            2%         N/A       52%         3
 Tukima's Dance           Hex            2%         N/A       52%         3
 Ice Form                 Ice/Tmut       6%         N/A       77%         4
 Airstrike                Air            1%         2d(1-17)  90%         4
 Hailstorm                Conj/Ice       2%         3d3       90%         4
 Passage of Golubria      Tloc           2%         N/A       90%         4
 Yara's Violent Unravell  Hex/Tmut       3%         3d4       98%         5
 Enfeeble                 Hex            1%         N/A       100%        7


Dungeon Overview and Level Annotations

Branches:
Dungeon (4/15)
 Temple: D:4-7

Altars:
Nemelex Xobeh
The Shining One

Shops:
D:2 [


Innate Abilities, Weirdness & Mutations

One of your tentacles has grown a beastly spike.
You cannot wear most types of armour.
You are amphibious.
You can wear up to eight rings at the same time.
Your skin changes colour to match your surroundings (Stealth+).
Your rubbery body absorbs attacks. (AC +1, EV +1)
((You are camouflaged when in or above water. (Stealth+)))
You have tentacles for arms and can constrict up to eight enemies at once.


Message History

Confirm with . or Enter, or press ? or * to list all spells.
Aiming: Sting (safe; 6% risk of failure)
Press: ? - help, Shift-Dir - straight line, f - gnoll bouda
Aim: a gnoll bouda, wielding a +0 whip and wearing a +0 robe (75% to hit)
The sting hits the gnoll bouda.
The gnoll bouda is poisoned.
The gnoll bouda is lightly wounded.
Casting: Sting (safe; 6% risk of failure)
Confirm with . or Enter, or press ? or * to list all spells.
Aiming: Sting (safe; 6% risk of failure)
Press: ? - help, Shift-Dir - straight line, f/p - gnoll bouda
Aim: a gnoll bouda, wielding a +0 whip and wearing a +0 robe (lightly wounded, poisoned, haloed, 83% to hit)
The sting hits the gnoll bouda but does no damage.
The gnoll bouda looks even sicker.
The gnoll bouda is lightly wounded.
The gnoll bouda attacks as you move away!
The gnoll bouda completely misses you.
You see here a +0 club.
Things that are here:
a +0 whip; a gnoll corpse You see here a +0 dagger.
The gnoll bouda attacks as you move away!
The gnoll bouda hits you with a +0 whip!
* * * LOW HITPOINT WARNING * * *
You tentacle-slap the gnoll bouda but do no damage.
You grab the gnoll bouda.
You pierce the gnoll bouda, but do no damage.
You squeeze the gnoll bouda.
The gnoll bouda is heavily wounded.
You constrict the gnoll bouda, but do no damage.
The gnoll bouda closely misses you.
You tentacle-slap the gnoll bouda but do no damage.
You squeeze the gnoll bouda.
The gnoll bouda is severely wounded.
You constrict the gnoll bouda.
The gnoll bouda mumbles some strange prayers to its god.
The gnoll bouda is healed somewhat.
Your shield is strengthened by the Shining One's divine power.
You constrict the gnoll bouda, but do no damage.
The gnoll bouda hits you with a +0 whip.
You die...

........###.###...#######
###....###._.###..#
#.....###.###..##
#....#..#####...#
...#####..###(...# .##
#...#....## #####
###...##..# #...# .
###.##..####...# ...
#....@g))..).#....
#.##..##).........
#.....)...........
#.#...)).#........
#...)...#....#..#...
......###....#........
#..##. #..###........ ..
. #...# ......... [ ..
....## .......##


You could see a gnoll bouda (poisoned).

Vanquished Creatures
  A scorpion (D:4)
  A jelly (D:4)
  Ijyb (D:3)
  Natasha (thrice) (D:3)
  5 gnolls (D:4)
  2 worms
  4 bats
  6 endoplasms
  3 giant cockroaches
  9 goblins
  5 hobgoblins
  3 jackals (D:3)
  4 ball pythons
  3 frilled lizards
  6 kobolds
  5 rats
  A spectral hobgoblin (D:1)
62 creatures vanquished.

Notes
Turn   | Place    | Note
-------+----------+-------------------------------------------
     0 | D:1      | gregunderscorem the Octopode Transmuter began the quest for
                  | the Orb.
     0 | D:1      | Reached XP level 1. HP: 13/13 MP: 3/3
   291 | D:1      | Reached XP level 2. HP: 18/18 MP: 5/5
   454 | D:1      | Found a faded altar of an unknown god.
   466 | D:1      | Prayed at the altar of an unknown god.
   466 | D:1      | Became a worshipper of the Shining One
   466 | D:1      | Reached * piety under the Shining One
   595 | D:1      | Reached skill level 1 in Stealth
  1172 | D:2      | Reached XP level 3. HP: 23/23 MP: 6/6
  1177 | D:2      | Found Xoul's Armour Shoppe.
  1486 | D:2      | Learned a level 1 spell: Sting
  1738 | D:2      | Learned a level 3 spell: Spider Form
  2067 | D:2      | Identified a scroll of acquirement
  2067 | D:2      | Acquired the +0 buckler of Adonaur {Rampage rC+ Int+3
                  | Stlth+}
  2212 | D:3      | Reached skill level 1 in Poison Magic
  2234 | D:3      | Noticed Natasha
  2238 | D:3      | Killed Natasha
  2239 | D:3      | Reached XP level 4. HP: 28/28 MP: 5/7
  2275 | D:3      | Noticed Natasha
  2277 | D:3      | Noticed Ijyb
  2285 | D:3      | Killed Natasha
  2292 | D:3      | Killed Ijyb
  2293 | D:3      | Reached XP level 5. HP: 25/33 MP: 8/8
  2326 | D:3      | Noticed Natasha
  2334 | D:3      | Killed Natasha
  2335 | D:3      | Reached skill level 1 in Shields
  2617 | D:4      | Found a sparkling altar of Nemelex Xobeh.
  2666 | D:4      | Reached ** piety under the Shining One
  2685 | D:4      | Reached XP level 6. HP: 25/38 MP: 7/9
  2732 | D:4      | HP: 1/38 [gnoll bouda/+0 whip (15)]
  2735 | D:4      | Slain by a gnoll bouda

Illustrated notes

Levels and vault maps discovered:
D:1:      zaba_arrival_water, layout_loops_ring,
          dreamdust_ecumenical_altar_drowned_temple
D:2:      layout_basic, serial_shops, shop, serial_forest,
          infiniplex_forest_clump_small, infiniplex_forest_end_3,
          infiniplex_forest_lined_corner, infiniplex_forest_lined_room_3,
          infiniplex_forest_lined_3, grunt_ministairs_14, minmay_pentomino_t2
D:3:      layout_rooms, uniq_natasha, uniq_ijyb
D:4:      layout_rooms, nicolae_overflow_two_pavilions,
          nemelex_diamond_rough_becter, minmay_temple_entry_glassed_door

Skill      XL: |  1  2  3  4  5 |
---------------+----------------+-----
Stealth        | 1 |  1.0
Poison Magic   | 2 3 |  3.7
Shields        | 3 |  3.8
Fighting       | |  1.5
Dodging        | |  2.4
Unarmed Combat | |  3.3
Spellcasting   | |  2.3
Transmutations | |  2.4

Action                   |  1- 3 |  4- 6 || total
-------------------------+-------+-------++-------
Melee: Unarmed           |    88 |    53 ||   141
       Constrict         |    25 |    18 ||    43
       Tentacles         |    22 |    19 ||    41
       Punch             |     5 |     2 ||     7
       Kick              |     3 |    18 ||    21
 Cast: Beastly Appendage |     2 |     6 ||     8
       Sting             |       |     5 ||     5
Invok: Divine Shield     |       |     1 ||     1
  Use: Scroll            |     7 |     1 ||     8
       Potion            |     3 |     2 ||     5
 Stab: Sleeping          |     3 |       ||     3
Armor: Skin              |     7 |     4 ||    11
Dodge: Dodged            |    47 |    24 ||    71
Block: Buckler           |     1 |     5 ||     6
